[Event "Early-Titled-Tuesday-Blitz-May-07-2024"]
[Site "Chess.com"]
[Date "2024.05.07"]
[Round "1"]
[White "ploxoi"]
[Black "cristianserban1"]
[Result "0-1"]
[WhiteElo "2330"]
[BlackElo "2629"]
[TimeControl "180+1"]
[EndTime "8:06:56 PDT"]
[Termination "cristianserban1 won by resignation"]

1. d4 Nf6 2. c4 e6 3. g3 b6 4. Bg2 c6 5. Nf3 d5 6. O-O Be7 7. Qc2 O-O 8. Nbd2 Bb7 9. e4 dxe4 10.
Nxe4 Nbd7 11. Rd1 h6 12. Bf4 Nxe4 13. Qxe4 Nf6 14. Qe2 Qc8 15. Rac1 c5 16. d5 Re8 17. dxe6 Qxe6 18. Qxe6 fxe6 19. Ne5 Bxg2 20. Kxg2 Rac8 21. b3 g5 22. Be3 Kg7 23. Rd3 Bd8 24. Bd2 Ne4 25. Rd7+ Re7 26. Be1 Rxd7 27. Nxd7 Bc7 28. f3 Nd6 29. Bc3+ Kf7 30. Rd1 Nf5 31. Kf2 Nd4 32.
Bxd4 cxd4 33. Rxd4 Ke7 34. c5 bxc5 35. Nxc5 Bb6 36.
b4 Rxc5 37. bxc5 Bxc5 38. Ke3 e5 0-1

[Event "Early-Titled-Tuesday-Blitz-May-07-2024"]
[Site "Chess.com"]
[Date "2024.05.07"]
[Round "1"]
[White "Mrlammy"]
[Black "GMthekingindian"]
[Result "1-0"]
[WhiteElo "2592"]
[BlackElo "2252"]
[TimeControl "180+1"]
[EndTime "8:06:56 PDT"]
[Termination "Mrlammy won on time"]

1. d4 d5 2. c4 e6 3. Nf3 Nf6 4. Nc3 c5 5. cxd5 Nxd5 6. e4 Nxc3 7. bxc3 cxd4 8. cxd4 Bb4+ 9. Bd2 Bxd2+ 10. Qxd2 O-O 11. Bc4 b6 12. O-O Nd7 13. Rfe1 Bb7 14. Rad1 Rc8 15. Bb3 Re8 16. h3 Nf6 17. Qf4 Nh5 18. Qh2 h6 19.
Re3 Qc7 20. Qxc7 Rxc7 21. g3 Nf6 22. Nd2 Rd8 23. e5 Nd5 24. Bxd5 Rxd5 25. Ne4 Rc2 26. a3 Bc6 27. g4 Rc4 28. Red3 b5 29. Nd6 Ra4 30.
Rc3 Bd7 31. Rc7 1-0

[Event "Early-Titled-Tuesday-Blitz-May-07-2024"]
[Site "Chess.com"]
[Date "2024.05.07"]
[Round "1"]
[White "enriquebutti"]
[Black "Cipy77"]
[Result "0-1"]
[WhiteElo "2182"]
[BlackElo "2577"]
[TimeControl "180+1"]
[EndTime "8:06:56 PDT"]
[Termination "Cipy77 won by resignation"]

1. d4 d6 2. e4 g6 3. Nc3 Bg7 4. Be3 a6 5. a4 Nf6 6. Nf3 Ng4 7.
Bg5 h6 8. Bh4 g5 9. Bg3 Nc6 10. h3 Nf6 11. Qd2 Nh5 12. Bh2 Bd7 13.
Be2 Nf6 14. e5 Nh5 15. exd6 cxd6 16. d5 Nb4 17. O-O Rc8 18. Rac1 Nf6 19. Rfe1 g4 20.
hxg4 Nxg4 21. Bg3 Nf6 22. Nh4 h5 23. Bf3 Kf8 24. Bf4 a5 25. g3 Ng4 26. Bxg4 Bxg4 27. Bg5 Rc7 28. Qe3 Be5 29. f4 Bf6 30. Bxf6 exf6 31.
Qb6 Rd7 32. Qxd8+ Rxd8 33. Kf2 f5 34. Re3 Re8 35. Rxe8+ Kxe8 36. Ke1 Kd7 37. Kd2 Re8 38. Ng2 Nxd5 0-1

[Event "Early-Titled-Tuesday-Blitz-May-07-2024"]
[Site "Chess.com"]
[Date "2024.05.07"]
[Round "1"]
[White "BestStelker"]
[Black "Zheenbekov86"]
[Result "1-0"]
[WhiteElo "2728"]
[BlackElo "2417"]
[TimeControl "180+1"]
[EndTime "8:06:57 PDT"]
[Termination "BestStelker won on time"]

1. Nf3 Nf6 2. c4 c6 3. e3 d5 4. d4 g6 5. Nc3 Bg7 6. Be2 O-O 7. O-O a5 8. cxd5 Nxd5 9. Bd2 Na6 10. Rc1 Nac7 11.
Na4 Re8 12. Nc5 Ne6 13. Nd3 Nf6 14. Nfe5 Ne4 15. Be1 Qb6 16. f3 Nf6 17. Bf2 Qd8 18. Nc4 Nd5 19. Qd2 Nb4 20. Nxb4 axb4 21. Qxb4 Rxa2 22.
Na3 Nc7 23. Bc4 Nd5 24. Qb3 Rxa3 25. bxa3 Be6 26. a4 Qa5 27. Qxb7 Qxa4 28. Bb3 Qa3 29. Qxc6 1-0

[Event "Early-Titled-Tuesday-Blitz-May-07-2024"]
[Site "Chess.com"]
[Date "2024.05.07"]
[Round "1"]
[White "RCone"]
[Black "ChessQueen"]
[Result "0-1"]
[WhiteElo "2455"]
[BlackElo "2814"]
[TimeControl "180+1"]
[EndTime "8:06:58 PDT"]
[Termination "ChessQueen won on time"]

1. e4 c6 2. d4 d5 3. e5 c5 4. c3 Nc6 5. Be2 Bf5 6. Nf3 e6 7.
O-O h6 8. Be3 Qc7 9. dxc5 Nge7 10. Nd4 Nxe5 11. Nxf5 exf5 12. Bf4 O-O-O 13. Qa4 Kb8 14.
Nd2 N7g6 15. Bxe5 Qxe5 16. Rfe1 Bxc5 17. Nf3 Qc7 18. Bd3 Nf4 19. Rad1 g6 20. Bf1 Ne6 21. Ne5 Rhe8 22. b4 Bb6 23. Nf3 Re7 24. Qb3 d4 25.
Rd3 Nf4 26. Rxe7 Qxe7 27. Rd1 d3 28. c4 Ne2+ 29. Bxe2 dxe2 30. Re1 Bd4 31. c5 g5 32. Qc4 Bf6 33. Rxe2 Rd1+ 34. Re1 Rxe1+ 0-1

[Event "Early-Titled-Tuesday-Blitz-May-07-2024"]
[Site "Chess.com"]
[Date "2024.05.07"]
[Round "1"]
[White "FoxOnTheRun97"]
[Black "Aklan10n"]
[Result "1-0"]
[WhiteElo "2582"]
[BlackElo "2211"]
[TimeControl "180+1"]
[EndTime "8:06:58 PDT"]
[Termination "FoxOnTheRun97 won by resignation"]

1. c4 Nf6 2. b3 e5 3. Bb2 Nc6 4. g3 Bc5 5. Bg2 d6 6. e3 O-O 7. Ne2 Bf5 8. d4 exd4 9. Nxd4 Bxb1 10. Nxc6 bxc6 11. Rxb1 Bb4+ 12. Kf1 d5 13. Qe2 Ne4 14. Bxe4 dxe4 15. Qg4 Qd3+ 16. Kg2 f6 17. Rhd1 Bd2 18. Ba3 Rf7 19. Bb4 Bxb4 20. Rxd3 exd3 21. Rd1 Rd8 22.
Qe4 d2 23. Qxc6 h5 24. h4 g6 25. Kf3 Kg7 26. Ke2 Rd6 27. Qb5 Bc3 28. c5 Rd5 29.
Qc4 Rfd7 30. Qxc3 Rd3 31. Qxd3 Rxd3 32. Kxd3 1-0

[Event "Early-Titled-Tuesday-Blitz-May-07-2024"]
[Site "Chess.com"]
[Date "2024.05.07"]
[Round "1"]
[White "Iball95"]
[Black "faraone99"]
[Result "1/2-1/2"]
[WhiteElo "2919"]
[BlackElo "2521"]
[TimeControl "180+1"]
[EndTime "8:06:59 PDT"]
[Termination "Game drawn by repetition"]

1. e4 e5 2. Nf3 Nc6 3. Nc3 Nf6 4. Bb5 Bb4 5. Nd5 Bd6 6. O-O a6 7. Bc4 O-O 8. Re1 Bc5 9. c3 Ba7 10. d4 Na5 11. dxe5 Ng4 12. Nd4 Nxf2 13. Kxf2 Nxc4 14.
Qh5 c6 15. Ne3 Nxe3 16. Bxe3 d6 17. Bg5 Qc7 18. exd6 Qxd6 19. Rad1 Qg6 20. Qxg6 hxg6 21. Kf3 f6 22. Bf4 Kf7 23. h3 Be6 24. Nxe6 Kxe6 25.
Rd6+ Ke7 26. Red1 Rad8 27. e5 Rxd6 28. exd6+ Kd7 29. b4 c5 30. Re1 Re8 31. Rxe8 Kxe8 32.
Ke4 Kd7 33. Kd5 cxb4 34. cxb4 Bf2 35. a4 Be1 36. b5 axb5 37. axb5 Bf2 38. Bh2 Be3 39.
Bg3 Bg1 40. Be1 Bh2 41. Bb4 Bg3 42. Bc5 Bf4 43. Bb4 Bg3 44. Ba3 Bf4 45. g4 Bg3 46.
Bb4 Bf4 47. h4 Bg3 48. h5 gxh5 49. gxh5 Bf4 50. Ba3 Bg3 51. Bb4 Bh2 52. Ba3 Bg3 53. Bb4 1/2-1/2

[Event "Early-Titled-Tuesday-Blitz-May-07-2024"]
[Site "Chess.com"]
[Date "2024.05.07"]
[Round "1"]
[White "schachlana"]
[Black "profedechess93"]
[Result "0-1"]
[WhiteElo "2356"]
[BlackElo "2654"]
[TimeControl "180+1"]
[EndTime "8:06:59 PDT"]
[Termination "profedechess93 won by resignation"]

1. e4 e6 2. d4 d5 3. Nd2 Be7 4. Bd3 c5 5. c3 cxd4 6. cxd4 dxe4 7. Nxe4 Nf6 8. Nf3 Nc6 9. O-O O-O 10. Be3 Nb4 11. Nxf6+ Bxf6 12. Be4 Nd5 13. Rc1 b6 14. Ne5 Bb7 15. Qb3 Qd6 16. Ng4 Be7 17. Rfd1 f5 18. Ne5 fxe4 19. Qc2 Nxe3 20. fxe3 Bg5 21. Qe2 Bd5 22.
g3 Rac8 23. Rxc8 Rxc8 24. Rf1 Rf8 25. Rc1 Bxa2 26. Rc6 Qe7 27. h4 Bh6 28. Kg2 Bd5 29.
Rc1 g6 30. Kh3 Qf6 31. Rc7 Qf1+ 32. Qxf1 Rxf1 33. Rxa7 Bxe3 34. Ng4 Bxd4 35. Nh6+ Kf8 36. Rc7 e3 37. g4 e2 38. Rc8+ Ke7 39. Rc7+ Kd6 40.
Rc8 0-1

[Event "Early-Titled-Tuesday-Blitz-May-07-2024"]
[Site "Chess.com"]
[Date "2024.05.07"]
[Round "1"]
[White "HouseOfDurin"]
[Black "Djager97"]
[Result "1/2-1/2"]
[WhiteElo "2200"]
[BlackElo "2570"]
[TimeControl "180+1"]
[EndTime "8:06:59 PDT"]
[Termination "Game drawn by repetition"]

1. d4 d5 2. Bg5 Nf6 3. Bxf6 gxf6 4. c4 c6 5. cxd5 cxd5 6. Nc3 Nc6 7. e3 e6 8. a3 Bd6 9. g3 h5 10. h4 f5 11. Bg2 Qf6 12. Nge2 Bd7 13. b4 a5 14. b5 Ne7 15. Qb3 Kf8 16. Na4 Kg7 17.
Nb6 Rad8 18. Nxd7 Rxd7 19. Rc1 Nc8 20. b6 Qd8 21. Rb1 Be7 22. Nc3 Rd6 23. Na4 Rc6 24.
Kd2 Nd6 25. Rhc1 Nc4+ 26. Ke1 Bxh4 27. Bf1 Be7 28. Bxc4 dxc4 29. Rxc4 Rxc4 30. Qxc4 h4 31. gxh4 Rxh4 32. Ke2 Rh2 33. Rg1+ Kf8 34. Qc7 Qd5 35. Qxh2 Qc4+ 36. Kf3 Qd5+ 37. Ke2 Qc4+ 38. Ke1 Qc1+ 39. Ke2 Qc4+ 1/2-1/2

[Event "Early-Titled-Tuesday-Blitz-May-07-2024"]
[Site "Chess.com"]
[Date "2024.05.07"]
[Round "1"]
[White "Boundless_Strike"]
[Black "IndianSchoolOfSuffering"]
[Result "1/2-1/2"]
[WhiteElo "2656"]
[BlackElo "2379"]
[TimeControl "180+1"]
[EndTime "8:07:01 PDT"]
[Termination "Game drawn by repetition"]

1. d4 Nf6 2. f3 d5 3. e4 dxe4 4.
Nc3 e3 5. Bxe3 g6 6. Qd2 Bg7 7. O-O-O Nbd7 8. h4 h5 9. Nh3 Nb6 10. Nf4 c6 11. Ne4 Nbd5 12. Ng5 Nxf4 13. Bxf4 Nd5 14.
Bh2 Bf5 15. c4 Nf6 16. Be2 Qd7 17. Qa5 O-O 18. Bd3 Bxd3 19. Rxd3 b6 20. Qd2 Rad8 21.
Rd1 Qf5 22. Qe2 Rfe8 23. Be5 Nh7 24. Bxg7 Kxg7 25. Ne4 Nf6 26. Kb1 Qf4 27. g3 Qf5 28.
Ka1 e5 29. dxe5 Nxe4 30. Rxd8 Nxg3 31. Qd2 Rxe5 32. a3 Qf6 33. Rd6 Re6 34. Rxe6 Qxe6 35.
Qd4+ Kh7 36. Qf4 Nf5 37. Ka2 b5 38. Rc1 a5 39. Ka1 b4 40. axb4 axb4 41. Ka2 c5 42. Kb3 Nd4+ 43. Ka2 Qa6+ 44. Kb1 b3 45. Qxf7+ Kh6 46.
Qf8+ Kh7 47. Qf7+ Kh6 48. Qf8+ Kh7 49. Qf7+ 1/2-1/2

[Event "Early-Titled-Tuesday-Blitz-May-07-2024"]
[Site "Chess.com"]
[Date "2024.05.07"]
[Round "1"]
[White "viditchess"]
[Black "miaou33"]
[Result "1-0"]
[WhiteElo "3116"]
[BlackElo "2539"]
[TimeControl "180+1"]
[EndTime "8:07:02 PDT"]
[Termination "viditchess won on time"]

1. e4 e6 2. d4 d5 3. Nc3 Bb4 4. e5 c5 5. a3 Bxc3+ 6. bxc3 Ne7 7. Nf3 b6 8. Bb5+ Bd7 9. Bd3 Ba4 10. h4 h6 11. h5 c4 12. Be2 Kd7 13. Qd2 Nbc6 14. Ra2 Qg8 15. Qf4 Rf8 16. Rh3 g5 17. hxg6 fxg6 18.
Qh2 g5 19. Rxh6 g4 20. Ng5 g3 21. fxg3 Rxh6 22. Qxh6 Nf5 23. Qh3 Qg7 24. Qh7 Rh8 25. Qxg7+ Nxg7 26. Nh3 Ne7 27. Bg5 Nef5 28. Kf2 Rg8 29. g4 Ne7 30. Nf4 Ke8 31. Bf6 Kf7 32. Nh5 Ne8 33. g5 Ng6 34. Bg4 Bd7 35. a4 Ne7 36. a5 b5 37. Bh3 Nf5 38. a6 b4 39.
Bxf5 exf5 40. cxb4 Nc7 41. Nf4 Be6 42. Ra5 Ke8 43. g6 Kd7 44. Rc5 Nxa6 45. Ra5 Nc7 46. Rxa7 Re8 47. b5 Kc8 48. b6 Nb5 49. Ra8+ Kd7 50.
Rxe8 Kxe8 51. b7 1-0

[Event "Early-Titled-Tuesday-Blitz-May-07-2024"]
[Site "Chess.com"]
[Date "2024.05.07"]
[Round "1"]
[White "stasOR4ik"]
[Black "Dedic8"]
[Result "0-1"]
[WhiteElo "2477"]
[BlackElo "2848"]
[TimeControl "180+1"]
[EndTime "8:07:03 PDT"]
[Termination "Dedic8 won by checkmate"]

1. e4 c6 2. c4 d5 3. cxd5 cxd5 4. exd5 Nf6 5. Nc3 Nxd5 6. Bc4 Nb6 7. Bb3 Nc6 8. Nf3 Bf5 9. d4 e6 10. O-O Na5 11. Ba4+ Nxa4 12. Qxa4+ Nc6 13. d5 exd5 14. Re1+ Be7 15. Bg5 O-O 16. Bxe7 Nxe7 17. Rad1 Bg6 18. Qb4 Re8 19. Qxb7 Bh5 20. Nxd5 Nxd5 21. Rxe8+ Qxe8 22. Qxd5 Bg4 23. h3 Be6 24. Qa5 h6 25. a3 Qe7 26. Rc1 Rd8 27. Rc7 Qf6 28. Qe5 Qg6 29.
Rxa7 Bxh3 30. Qg3 Qb1+ 31. Kh2 Be6 32. Rb7 Rd1 33. Rb8+ Kh7 34. Qf4 Rh1+ 35. Kg3 Qg6+ 36. Ng5+ hxg5 37. Qf3 Bf5 38. Qa8 Qd6+ 39. Kf3 Qd3# 0-1

[Event "Early-Titled-Tuesday-Blitz-May-07-2024"]
[Site "Chess.com"]
[Date "2024.05.07"]
[Round "1"]
[White "catalin009"]
[Black "Lily_Schirmbeck"]
[Result "1-0"]
[WhiteElo "2545"]
[BlackElo "1632"]
[TimeControl "180+1"]
[EndTime "8:07:04 PDT"]
[Termination "catalin009 won by resignation"]

1. e4 c6 2. d4 d5 3. exd5 cxd5 4.
Nf3 Nc6 5. Ne5 Nf6 6. Bb5 Bd7 7. Nxd7 Qxd7 8. c3 a6 9. Bd3 e6 10. O-O Bd6 11. Re1 O-O 12. Nd2 b5 13. Nf3 Rac8 14.
Bg5 Ne8 15. Ne5 Qc7 16. Qe2 b4 17. Bxa6 Ra8 18. Bb5 Nxe5 19. dxe5 Be7 20. Bd2 bxc3 21. Bxc3 Qb7 22. Bd3 Nc7 23. Qh5 g6 24. Qh6 Rfc8 25.
a4 Bf8 26. Qh4 Bg7 27. Qe7 Re8 28. Qb4 Qxb4 29. Bxb4 Bxe5 30. Rxe5 Na6 31. Bc3 Nc5 32. Bc2 Red8 33. Bd4 Na6 34. Re2 Nb4 35. Bd1 Nc6 36. Bc5 e5 37. b4 d4 38. b5 1-0

[Event "Early-Titled-Tuesday-Blitz-May-07-2024"]
[Site "Chess.com"]
[Date "2024.05.07"]
[Round "1"]
[White "twofoxniel"]
[Black "PapiPapita"]
[Result "1-0"]
[WhiteElo "2678"]
[BlackElo "2382"]
[TimeControl "180+1"]
[EndTime "8:07:05 PDT"]
[Termination "twofoxniel won by resignation"]

1. e4 c6 2. d4 d5 3. Nd2 dxe4 4. Nxe4 Bf5 5. Ng3 Bg6 6. Nf3 Nd7 7. h4 h6 8. h5 Bh7 9. Bd3 Bxd3 10. Qxd3 e6 11.
Bd2 Ngf6 12. O-O-O Qc7 13. Kb1 O-O-O 14. Ne4 Nxe4 15.
Qxe4 Bd6 16. c4 c5 17. Bc3 Nf6 18. Qe2 Rd7 19. d5 Re8 20. Bxf6 gxf6 21. g3 Rde7 22. Qd2 exd5 23. Qxd5 Re6 24. Nh4 Be5 25. Nf5 Qb6 26.
Rd2 a5 27. Rhd1 a4 28. Qd7+ Kb8 29. Qxa4 Bd4 30. Nxd4 cxd4 31. Rxd4 Rc8 32. b3 Re2 33. R1d2 Rxf2 34. Qd7 Rxd2 35. Rxd2 Qg1+ 36. Kb2 Qxg3 37. Qd6+ Qxd6 38. Rxd6 Rc6 39. Rxc6 bxc6 40. b4 Kc7 41.
Kc3 Kd6 42. Kd4 c5+ 43. bxc5+ Kc6 44. a4 f5 45. a5 f4 46. a6 f5 47. Kd3 Kc7 48. Ke2 Kb8 49. c6 Kc7 50. a7 1-0

[Event "Early-Titled-Tuesday-Blitz-May-07-2024"]
[Site "Chess.com"]
[Date "2024.05.07"]
[Round "1"]
[White "juanchesst"]
[Black "Zapateado"]
[Result "0-1"]
[WhiteElo "2657"]
[BlackElo "2396"]
[TimeControl "180+1"]
[EndTime "8:07:05 PDT"]
[Termination "Zapateado won by resignation"]

1. d4 d5 2. c4 e5 3. dxe5 d4 4.
a3 Nc6 5. Nf3 Nge7 6. e3 Bg4 7.
Be2 dxe3 8. Bxe3 Qxd1+ 9. Bxd1 Bxf3 10. Bxf3 Nxe5 11. Be2 O-O-O 12. Nc3 Nf5 13. Bf4 Ng6 14. Bg5 f6 15. Bg4 Ne7 16. Bd2 Kb8 17. O-O-O h5 18.
Bh3 Nd4 19. Be3 Nec6 20. Nb5 Bc5 21. b4 Ne2+ 22. Kc2 Bxe3 23. fxe3 a6 24. Nc3 Nxc3 25. Kxc3 Ne5 26. Bf5 c6 27. h3 Kc7 28. c5 b6 29.
cxb6+ Kxb6 30. Rd4 Rxd4 31. exd4 Nf7 32. Re1 Nd6 33. Bg6 Nb5+ 34. Kd3 Rd8 35. Re4 Nxa3 36.
Bxh5 Nb5 37. Bf7 f5 38. Rh4 g5 39. Rh5 Rxd4+ 40. Kc2 Rxb4 41. Rxg5 a5 42. Rxf5 Nd4+ 43. Kc3 Nxf5 44. Be6 Nd4 45. Bg4 Nb5+ 46. Kc2 a4 47. Be2 a3 48. Bc4 Rxc4+ 0-1

[Event "Early-Titled-Tuesday-Blitz-May-07-2024"]
[Site "Chess.com"]
[Date "2024.05.07"]
[Round "1"]
[White "Revan_2002"]
[Black "Daaksboy"]
[Result "0-1"]
[WhiteElo "2729"]
[BlackElo "2462"]
[TimeControl "180+1"]
[EndTime "8:07:07 PDT"]
[Termination "Daaksboy won by resignation"]

1. Nf3 Nf6 2. d4 g6 3. c4 Bg7 4. Nc3 d5 5. cxd5 Nxd5 6. Bd2 O-O 7. e4 Nxc3 8. Bxc3 c5 9. d5 e6 10. Be2 exd5 11. exd5 Nd7 12. O-O Nb6 13. Rc1 Nxd5 14.
Bxg7 Kxg7 15. Rxc5 Nf4 16. Qc2 Bf5 17. Qc3+ Qf6 18.
Nd4 Kg8 19. Bf3 Be4 20. Bxe4 Qxd4 21. Qxd4 Ne2+ 22. Kh1 Nxd4 23. Bxb7 Rab8 24. Rc7 Ne6 25. Re7 Rfd8 26. Bf3 Rxb2 27. Rxa7 Rdd2 28. a4 Rxf2 29. Kg1 Rfd2 30. a5 Ra2 31. a6 Nc5 32. Ra8+ Kg7 33.
Bb7 Nxb7 34. axb7 Rxg2+ 0-1

[Event "Early-Titled-Tuesday-Blitz-May-07-2024"]
[Site "Chess.com"]
[Date "2024.05.07"]
[Round "1"]
[White "AndrewB92"]
[Black "only_strong_moves"]
[Result "0-1"]
[WhiteElo "2406"]
[BlackElo "2709"]
[TimeControl "180+1"]
[EndTime "8:07:07 PDT"]
[Termination "only_strong_moves won on time"]

1. d4 Nf6 2. c4 e6 3. Nc3 d5 4.
Nf3 c5 5. cxd5 cxd4 6. Nxd4 Nxd5 7. Nf3 Bb4 8. Bd2 Nxc3 9. bxc3 Be7 10. e4 O-O 11.
Bc4 Nc6 12. O-O Qc7 13. Qe2 Rd8 14. Rfd1 Na5 15. Bb3 b6 16. c4 Nb7 17. Bc3 Nc5 18. Rxd8+ Qxd8 19. Rd1 Qe8 20. Nd4 a6 21. Qg4 g6 22.
Bc2 Bb7 23. e5 Rd8 24. h4 Na4 25. Ba1 h5 26. Qg3 Nc5 27. f3 Rd7 28. Qf4 Qd8 29. g3 b5 30. cxb5 axb5 31. Kh2 Bf8 32. Kh3 Bg7 33. g4 hxg4+ 34. fxg4 Rd5 35. h5 Bxe5 36. Qf2 Qf6 37. Qe3 Bf4 38. Qe2 Qg5 39. Nf3 Qd8 40. Rf1 gxh5 41. Kg2 hxg4 42. Nh2 Rd2+ 0-1

[Event "Early-Titled-Tuesday-Blitz-May-07-2024"]
[Site "Chess.com"]
[Date "2024.05.07"]
[Round "1"]
[White "highlama"]
[Black "bilelou"]
[Result "1-0"]
[WhiteElo "2388"]
[BlackElo "2646"]
[TimeControl "180+1"]
[EndTime "8:07:07 PDT"]
[Termination "highlama won by resignation"]

1. c4 e6 2. Nf3 a6 3. g3 Nf6 4. Bg2 d5 5. b3 Be7 6. O-O b5 7. d4 O-O 8. cxd5 Nxd5 9. e4 Nf6 10. e5 Nd5 11. a4 Bb7 12. axb5 axb5 13. Rxa8 Bxa8 14.
Na3 Bb7 15. Qc2 Qd7 16. Rd1 Rc8 17. Ng5 Bxg5 18. Bxg5 Nb4 19. Qe2 Bxg2 20. Kxg2 Qd5+ 21. Qf3 c6 22. Qxd5 Nxd5 23. Nc2 Nd7 24. Ra1 N7b6 25. Ra6 h6 26. Bd2 Kh7 27. Bb4 Ra8 28. Rxa8 Nxa8 29. Ba5 g5 30. Kf3 Kg6 31. Ke4 g4 32. Ne3 h5 33. Nxd5 exd5+ 34. Kf4 b4 35. f3 gxf3 36. Kxf3 Kf5 37. h3 Kg5 38. g4 hxg4+ 39.
hxg4 Kg6 40. Kf4 f6 41. exf6 Kxf6 42. g5+ Ke6 43. Kg4 c5 44. dxc5 d4 45. Kf4 d3 46.
Ke3 Kf5 47. Kxd3 Kxg5 48. Kc4 Kf5 49. Kxb4 Ke6 50. Kc4 Kd7 51. b4 Kc6 52. b5+ Kb7 53.
c6+ Ka7 54. Kc5 Kb8 55. Kd6 Kc8 56. b6 Kb8 57. Kd7 Nc7 58. bxc7+ Ka7 59. Bd2 Kb6 60. c8=Q 1-0

[Event "Early-Titled-Tuesday-Blitz-May-07-2024"]
[Site "Chess.com"]
[Date "2024.05.07"]
[Round "1"]
[White "VD_coach"]
[Black "Chernov_Alexander_A"]
[Result "1-0"]
[WhiteElo "2593"]
[BlackElo "2256"]
[TimeControl "180+1"]
[EndTime "8:07:07 PDT"]
[Termination "VD_coach won on time"]

1. d4 Nf6 2. Nf3 e6 3. c4 b6 4. g3 Bb7 5. Bg2 Be7 6. O-O O-O 7. Nc3 Ne4 8. Bd2 d6 9. Rc1 Nd7 10. Re1 c5 11. d5 exd5 12. cxd5 Ndf6 13. Nxe4 Nxe4 14. Bf4 Re8 15. Qd3 Bf6 16. b3 a5 17.
Nd2 Nxd2 18. Qxd2 b5 19. h4 a4 20. e4 axb3 21. axb3 Bd4 22. b4 f6 23. Kh2 Qb6 24.
bxc5 dxc5 25. Red1 b4 26. Be3 Bxe3 27. Qxe3 Rac8 28.
h5 h6 29. Kg1 b3 30. Rb1 Qb4 31. Rxb3 Qa4 32. Rdb1 Ba6 33. Rb6 c4 34. Qc3 1-0

[Event "Early-Titled-Tuesday-Blitz-May-07-2024"]
[Site "Chess.com"]
[Date "2024.05.07"]
[Round "1"]
[White "th3d4rkness"]
[Black "AlexanderKing"]
[Result "0-1"]
[WhiteElo "2195"]
[BlackElo "2580"]
[TimeControl "180+1"]
[EndTime "8:07:07 PDT"]
[Termination "AlexanderKing won by resignation"]

1. e4 c5 2. Nc3 e6 3. d4 cxd4 4. Qxd4 Nc6 5. Qe3 Nf6 6. b3 Bb4 7. Bb2 d5 8. O-O-O d4 9. Qg3 O-O 10. e5 Bxc3 11. Bxc3 Ne4 12. Qh3 Nxc3 13. Bd3 h6 14.
Re1 Nxa2+ 15. Kb2 Nab4 16. Nf3 a5 17. g4 a4 18. g5 a3+ 19. Ka1 Nxd3 20. cxd3 hxg5 21.
Rhg1 f6 22. Qh5 Qe8 23. Qg4 Qg6 24. h4 Qf5 25. Qh5 g4 26. Ng5 fxg5 27. hxg5 Qxf2 28. Rb1 Nb4 0-1

[Event "Early-Titled-Tuesday-Blitz-May-07-2024"]
[Site "Chess.com"]
[Date "2024.05.07"]
[Round "1"]
[White "kuchma777"]
[Black "moro182"]
[Result "0-1"]
[WhiteElo "2485"]
[BlackElo "2856"]
[TimeControl "180+1"]
[EndTime "8:07:08 PDT"]
[Termination "moro182 won by checkmate"]

1. Nf3 g6 2. b3 Bg7 3. d4 d5 4.
Bb2 Nf6 5. e3 O-O 6. Nbd2 a5 7. a3 b6 8. Bd3 Bb7 9. O-O Ne4 10. c4 Nxd2 11. Nxd2 e6 12. Qc2 Nd7 13. Rac1 Rc8 14. c5 bxc5 15. dxc5 Bxb2 16. Qxb2 c6 17.
b4 Qc7 18. Nb3 axb4 19. axb4 Rb8 20. f4 e5 21. f5 Bc8 22. Qd2 Kg7 23. e4 dxe4 24.
Bxe4 Nf6 25. Bc2 Rd8 26. Qg5 h6 27. Qh4 g5 28. Qe1 Ba6 29. Rf2 Bd3 30. Bd1 e4 31. Na5 Bb5 32. Bb3 Qe5 33. Nc4 Bxc4 34. Bxc4 Rd4 35.
b5 cxb5 36. Ba2 b4 37. Bb3 Rc8 38. Rfc2 Rc7 39. c6 e3 40. Kh1 Ng4 41. h3 Qh2# 0-1

[Event "Early-Titled-Tuesday-Blitz-May-07-2024"]
[Site "Chess.com"]
[Date "2024.05.07"]
[Round "1"]
[White "OparinGrigoriy"]
[Black "Fh2411"]
[Result "1-0"]
[WhiteElo "2980"]
[BlackElo "2527"]
[TimeControl "180+1"]
[EndTime "8:07:09 PDT"]
[Termination "OparinGrigoriy won by resignation"]

1. Nc3 d5 2. d4 Nf6 3. Bf4 c6 4.
e3 Bf5 5. Bd3 Bxd3 6. cxd3 Nbd7 7. Nf3 e6 8. h3 Be7 9. O-O O-O 10. Rc1 Rc8 11. e4 a6 12. Qe2 h6 13. Rfd1 Re8 14.
Bh2 Bf8 15. Ne5 Qb6 16. Nf3 Qa7 17. g4 Nh7 18. h4 Qb6 19. Kh1 Qd8 20. Rg1 g6 21. Qe3 Bg7 22. Ne2 Nhf8 23. Ne5 Nxe5 24.
dxe5 Qxh4 25. g5 hxg5 26. Rg3 g4 27. f4 gxf3 28. Qxf3 dxe4 29. dxe4 Nd7 30. Rh3 Qe7 31. Qc3 c5 32. Rf1 b5 33. Bf4 c4 34. Qg3 Qc5 35.
Qh4 Nxe5 36. Bh6 Qf8 37. Bg5 f5 38. Nf4 Kf7 39. exf5 exf5 40. Nxg6 Nxg6 41. Rxf5+ Ke6 42. Qe4+ Ne5 43. Rxf8 Rxf8 44. Bf4 Rf5 45. Bxe5 Bxe5 46. Rh6+ Rf6 47. Qg4+ 1-0

[Event "Early-Titled-Tuesday-Blitz-May-07-2024"]
[Site "Chess.com"]
[Date "2024.05.07"]
[Round "1"]
[White "Golubovsky"]
[Black "Agibileg"]
[Result "0-1"]
[WhiteElo "2505"]
[BlackElo "2907"]
[TimeControl "180+1"]
[EndTime "8:07:09 PDT"]
[Termination "Agibileg won by resignation"]

1. c4 Nf6 2. Nc3 g6 3. g3 Bg7 4. Bg2 O-O 5. e4 d6 6. Nge2 e5 7. d3 c6 8. O-O a6 9. h3 b5 10. a3 Nbd7 11. Be3 Bb7 12. Qd2 Re8 13. f4 exf4 14.
gxf4 bxc4 15. dxc4 Nh5 16. Qxd6 Qc8 17. Rad1 Rd8 18. e5 Bf8 19. Qd3 Ng7 20. Ne4 c5 21.
N2c3 Nf5 22. Nd5 Kh8 23. Ng5 Kg8 24. e6 fxe6 25. Nxe6 Re8 26. Ndc7 Bxg2 27. Kxg2 Qb7+ 28. Kh2 Nf6 29. Bg1 Re7 30. Nxa8 Rxe6 31. Qf3 Ne4 32. Rd8 Kf7 33. Rfd1 Be7 34. Rh8 Kg7 35. Re8 Nfd6 36. Rxd6 Rxd6 37. Nb6 Rxb6 38. Bxc5 Rxb2+ 39. Kg1 Bxc5+ 0-1

[Event "Early-Titled-Tuesday-Blitz-May-07-2024"]
[Site "Chess.com"]
[Date "2024.05.07"]
[Round "1"]
[White "edgarhay012"]
[Black "Shivananda1964"]
[Result "1-0"]
[WhiteElo "2662"]
[BlackElo "2366"]
[TimeControl "180+1"]
[EndTime "8:07:09 PDT"]
[Termination "edgarhay012 won on time"]

1. e4 Nc6 2. Nf3 e5 3. Bb5 a6 4.
Ba4 Nf6 5. O-O Be7 6. Bxc6 dxc6 7. d3 Nd7 8. Nbd2 O-O 9. Nc4 f6 10. Nh4 Nc5 11. Nf5 g6 12. Nxe7+ Qxe7 13. f4 Be6 14. b3 Bxc4 15. bxc4 Ne6 16. fxe5 fxe5 17. Be3 c5 18. Qd2 b6 19. Bh6 Rxf1+ 20. Rxf1 Rd8 21. Qf2 Re8 22. a4 a5 23. g3 Nd4 24. c3 Ne6 25. Qf3 Ng7 26. Kg2 Rf8 27. Qg4 Rxf1 28. Kxf1 Qf7+ 29. Ke2 Ne6 30. Qh4 Nf8 31. Qd8 g5 32. Qxg5+ Qg6 33. Qxg6+ Nxg6 34. Bg5 Nf8 35. Bf6 Nd7 36.
Bd8 c6 37. Kf3 Kf7 38. Kg4 Ke8 39. Bg5 Kf7 40. Kf5 Kg7 41. h4 b5 42. axb5 cxb5 43.
cxb5 a4 44. Bc1 c4 45. dxc4 Kf7 46. Ba3 Nb6 47. c5 Nc4 48. Bb4 a3 49. Bxa3 Nxa3 50.
b6 1-0

[Event "Early-Titled-Tuesday-Blitz-May-07-2024"]
[Site "Chess.com"]
[Date "2024.05.07"]
[Round "1"]
[White "AnnaChessLook"]
[Black "Shuvalov"]
[Result "1-0"]
[WhiteElo "2303"]
[BlackElo "2598"]
[TimeControl "180+1"]
[EndTime "8:07:09 PDT"]
[Termination "AnnaChessLook won by resignation"]

1. d4 Nf6 2. c4 g6 3. Nc3 d5 4. Nf3 Bg7 5. Bg5 Ne4 6. cxd5 Nxg5 7.
Nxg5 e6 8. Qd2 h6 9. Nf3 exd5 10. Qe3+ Be6 11. g3 O-O 12. Bg2 c6 13. O-O Nd7 14. b4 Re8 15. Qd2 Nb6 16. a4 Nc4 17. Qa2 Qb6 18. Rab1 a5 19. bxa5 Qxa5 20. Rfc1 b5 21.
e3 b4 22. Nd1 Qxa4 23. Qxa4 Rxa4 24. Nb2 Nxb2 25. Rxb2 Bd7 26. Ne1 Bf8 27. Nd3 Rb8 28. Bf3 b3 29. Rc3 Bh3 30. Bd1 Ra1 31. Rc1 Ra3 32. Ne5 Ra1 33. Rxa1 c5 34. dxc5 Bg7 35. f4 g5 36. Rxb3 Rc8 37. Rc1 gxf4 38. gxf4 Bf8 39.
c6 Bd6 40. Nd7 Bxd7 41. cxd7 Rxc1 42. d8=Q+ Bf8 43. Qxd5 1-0